 Dungeon Crawl Stone Soup version 0.29-a0-284-gf9362112df (webtiles) character file.

Game seed: 15132794824006304725

66 sammy202020 the Skirmisher (level 4, -1/29 HPs)
             Began as a Gargoyle Berserker on Mar 21, 2022.
             Was a Follower of Trog.
             Slain by a goblin
             ... wielding a +0 club
             ... led by Robin
              (3 damage)
             ... on level 3 of the Dungeon.
             The game lasted 00:03:17 (2535 turns).

sammy202020 the Skirmisher (Gargoyle Berserker)     Turns: 2535, Time: 00:03:18

Health: -1/29      AC: 12    Str: 21    XL:     4   Next: 15%
Magic:  4/4        EV:  7    Int:  9    God:    Trog [*.....]
Gold:   86         SH:  3    Dex:  9    Spells: 3/3 levels left

rFire   . . .      SeeInvis .   a - +0 mace
rCold   . . .      Faith    .   l - +0 buckler
rNeg    + . .      Spirit   .   m - +0 chain mail
rPois   ∞          Reflect  .   (no helmet)
rElec   +          Harm     .   (no cloak)
rCorr   .          Rampage  .   (no gloves)
Will    ++...                   (no boots)
Stlth   ..........              (no amulet)
HPRegen 1.09/turn               (no ring)
MPRegen 0.09/turn               (no ring)

@: strong-willed (expiring), on berserk cooldown, regenerating (expiring),
slowed, studying Fire Magic, very slow
A: sickness immunity, AC +3, negative energy resistance 1, electricity
resistance, torment resistance 1, petrification resistance
a: Renounce Religion, Berserk


You were on level 3 of the Dungeon.
You worshipped Trog.
Trog was aware of your devotion.
You visited 1 branch of the dungeon, and saw 3 of its levels.

You collected 86 gold pieces.

Inventory:

Hand Weapons
 a - a +0 mace (weapon)
 h - the +7 hunting sling "Yfoy" {flame, +Blink rPois MP+9 Int-4}
   (You found it on level 2 of the Dungeon)

   Any ammunition fired from it burns those it strikes, dealing additional fire
   damage.
   Int:       It affects your intelligence (-4).
   rPois:     It protects you from poison.
   MP:        It affects your magic capacity (+9).
   +Blink:    It lets you blink.
Missiles
 g - 4 datura-tipped darts (quivered)
Armour
 l - a +0 buckler (worn)
 m - a +0 chain mail (worn)
Scrolls
 b - a scroll of identify {unknown}
 d - 2 scrolls of noise {unknown}
 e - a scroll of holy word {unknown}
 f - 3 scrolls of blinking {unknown}
 k - a scroll of teleportation {unknown}
Potions
 i - a potion of haste {unknown}
 j - a potion of invisibility {unknown}


   Skills:
 * Level 3.9 Fighting
 * Level 3.5 Maces & Flails
 * Level 3.1 Armour
 + Level 1.9 Dodging
 * Level 0.7 Shields


You had 3 spell levels left.
You didn't know any spells.
Your spell library was empty.

Dungeon Overview and Level Annotations

Branches:
Dungeon (3/15)

Altars:

Annotations:
D:3 Robin


Innate Abilities, Weirdness & Mutations

You are immune to sickness and miasma.
Your stone body is resilient. (AC +3)
You are immune to poison.
You resist negative energy. (rN+)
You are resistant to electric shocks. (rElec)
You are resistant to unholy torment.
You are immune to petrification.


Message History

The goblin barely misses you. x2; The goblin hits you with a +0 club.
The goblin completely misses you.
The goblin hits you but does no damage. x2
You hit the goblin.
You kill the goblin!
Trog accepts your kill. The goblin hits you but does no damage.
The goblin closely misses you. Robin throws the goblin at you!
You block the goblin's attack. The goblin hits you but does no damage.
The goblin hits you with a +0 club.
* * * LOW HITPOINT WARNING * * *
You hit the goblin.
You kill the goblin!
Trog accepts your kill.
You feel the effects of Trog's Hand fading.
You block the goblin's attack. The goblin hits you but does no damage.
Robin throws the goblin at you!
* * * LOW HITPOINT WARNING * * *
You hit the goblin.
The goblin is moderately wounded.
The goblin barely misses you. You block the goblin's attack.
The goblin barely misses you. The goblin hits you with a +0 club.
* * * LOW HITPOINT WARNING * * *
The goblin hits you but does no damage. x2
You barely miss the goblin.
The goblin is moderately wounded.
The goblin no longer looks unusually strong.
The goblin hits you with a +0 club.
* * * LOW HITPOINT WARNING * * *
The goblin hits you but does no damage. x2; The goblin barely misses you.
The goblin hits you but does no damage. x2
You hit the goblin.
The goblin is heavily wounded.
The goblin closely misses you. The goblin barely misses you.
The goblin hits you with a +0 club.
* * * LOW HITPOINT WARNING * * *
Robin roars a battlecry!
The goblins go into a battle-frenzy!
The goblin hits you with a +0 club.
* * * LOW HITPOINT WARNING * * *
The goblin barely misses you. The goblin hits you with a +0 club.
You die...

# .... + #####..#
######### #......#
......... #......#
......... #......#
......... #.....g#
......... +....gg#
......... #@#
####.. #g# #.#
#.##############.#
#................#
##################


You could see Robin and 3 goblins.

Vanquished Creatures
  Ijyb (D:3)
  A dart slug (D:1)
  An orc (D:3)
  5 endoplasms
  2 giant cockroaches
  5 goblins (D:3)
  4 hobgoblins
  A kobold (D:1)
  A quokka (D:1)
  4 ball pythons
  2 bats
  5 frilled lizards
  4 rats
36 creatures vanquished.

Notes
Turn   | Place    | Note
-------+----------+-------------------------------------------
     0 | D:1      | sammy202020 the Gargoyle Berserker began the quest for the
                  | Orb.
     0 | D:1      | Reached XP level 1. HP: 14/14 MP: 1/1
   477 | D:1      | Reached XP level 2. HP: 16/19 MP: 2/2
   668 | D:1      | Found a faded altar of an unknown god.
  1430 | D:2      | Reached XP level 3. HP: 19/24 MP: 3/3
  1720 | D:2      | Identified the +7 hunting sling "Yfoy" {flame, +Blink rPois
                  | MP+9 Int-4}
  2481 | D:3      | Reached ** piety under Trog
  2515 | D:3      | Noticed Ijyb
  2523 | D:3      | Killed Ijyb
  2524 | D:3      | Reached XP level 4. HP: 11/29 MP: 4/4
  2524 | D:3      | Noticed Robin
  2535 | D:3      | Slain by a goblin

Illustrated notes

Levels and vault maps discovered:
D:1:      psy_arrival_conway, layout_loops_cross,
          hellmonk_ecumenical_altar_pennies_from_heaven
D:2:      layout_basic, ebering_dispersal_statue_hall
D:3:      layout_basic, minmay_lizard_king, uniq_robin, uniq_ijyb

Skill      XL: |  1  2  3 |
---------------+----------+-----
Armour         | 3 |  3.1
Fighting       | |  3.9
Maces & Flails | |  3.5
Dodging        | |  1.9
Shields        | |  0.7

Action                   |  1- 3 |  4- 6 || total
-------------------------+-------+-------++-------
Melee: Mace              |   120 |    10 ||   130
Invok: Berserk           |     1 |       ||     1
       Trog's Hand       |     1 |       ||     1
 Stab: Sleeping          |     1 |       ||     1
Armor: Animal skin       |     5 |       ||     5
       Scale mail        |    44 |       ||    44
       Chain mail        |     6 |    14 ||    20
Dodge: Dodged            |    75 |    13 ||    88
Block: Buckler           |       |     5 ||     5

Table legend: (Time is in decaauts)
 A = Elapsed time spent in this place.
 B = Non-inter-level travel time spent in this place.
 C = Inter-level travel time spent in this place.
 D = Time resting spent in this place.
 E = Time spent auto-exploring this place.
 F = Levels seen in this place.
 G = Mean time per level.
                   A        B        C        D        E       F      G
               +--------+--------+--------+--------+--------+-----+--------+
         Total |   2574 |   2574 |      0 |      0 |   2185 |   3 |  858.0 |
       Dungeon |   2574 |   2574 |      0 |      0 |   2185 |   3 |  858.0 |
               +--------+--------+--------+--------+--------+-----+--------+

Top non-repeatable levels by time:
     D:1: 1275 daAuts
     D:2: 661 daAuts
     D:3: 637 daAuts
